 Dungeon Crawl Stone Soup version 0.28-a0-1412-gf95308ed99 (webtiles) character file.

Game seed: 9599062025795497376

11519 Deminshera the Destroyer (level 12, -6/99 HPs)
             Began as a Human Conjurer on Jan 7, 2022.
             Was a Believer of Ashenzari.
             Mangled by a red ugly thing (20 damage)
             ... on level 10 of the Dungeon.
             The game lasted 00:32:59 (23580 turns).

Deminshera the Destroyer (Human Conjurer)          Turns: 23580, Time: 00:33:00

Health: -6/99      AC: 16    Str: 11    XL:     12   Next: 8%
Magic:  3/26       EV: 12    Int: 20    God:    Ashenzari [**....]
Gold:   435        SH:  0    Dex: 12    Spells: 20/31 levels left

rFire   . . .      SeeInvis +   a - staff of conjuration
rCold   . . .      Faith    .   (no shield)
rNeg    . . .      Spirit   .   I - +3 troll leather armour "At What Cost Knowledge?" {Regen+, Melee, Self} (curse)
rPois   .          Reflect  .   J - +0 helmet
rElec   .          Harm     .   g - +0 cloak
rCorr   +          Rampage  .   (no gloves)
Will    .....                   y - +0 pair of boots of the Unyielding Gaze {Evo, Cun} (curse)
Stlth   +++.......              w - amulet of Panopticon {Regen+, Elem, Fort} (curse)
HPRegen 1.86/turn               c - ring "I Knew You'd Do That" {AC+4, Self, Fort} (curse)
MPRegen 0.20/turn               F - ring of resist corrosion

@: no status effects
A: no striking features
a: Renounce Religion, Curse Item, Shatter the Chains


You were on level 10 of the Dungeon.
You worshipped Ashenzari.
Ashenzari was pleased with you.
You visited 1 branch of the dungeon, and saw 11 of its levels.
You also visited: Bailey.

You collected 435 gold pieces.

Inventory:

Hand Weapons
 k - a +1 dagger of venom
 r - a +2 short sword of draining
Armour
 g - a +0 cloak (worn)
 t - a +4 ring mail of fire resistance
 y - the cursed +0 pair of boots of the Unyielding Gaze (worn) {Evo, Cun}
   (You found it on level 5 of the Dungeon)

   It has a curse which improves the following skills: Evocations: Evocations.
   Cunning:   Dodging and Stealth.
 I - the cursed +3 troll leather armour "At What Cost Knowledge?" (worn) {Regen+, Melee, Self}
   (You found it on level 9 of the Dungeon)

   Regen:     It increases your rate of health regeneration.
   It has a curse which improves the following skills: Melee Combat: Short
   Blades, Long Blades, Axes, Maces & Flails, Polearms, Staves and Unarmed
   Combat.
   Introspection: Fighting and Spellcasting.
 J - a +0 helmet (worn)
Magical Staves
 a - a staff of conjuration (weapon)
 j - a staff of poison
Jewellery
 c - the cursed ring "I Knew You'd Do That" (left hand) {AC+4, Self, Fort}
   (You found it on level 1 of the Dungeon)

   [ring of protection]

   AC:        It affects your AC (+4).
   It has a curse which improves the following skills: Introspection: Fighting
   and Spellcasting.
   Fortitude: Armour and Shields.
 u - a ring of magical power
 w - the cursed amulet of Panopticon (around neck) {Regen+, Elem, Fort}
   (You found it on level 4 of the Dungeon)

   [amulet of regeneration]

   Regen:     It increases your rate of health regeneration.
   It has a curse which improves the following skills: Elements: Fire Magic, Ice
   Magic, Air Magic and Earth Magic.
   Fortitude: Armour and Shields.
 C - a ring of fire
 F - a ring of resist corrosion (right hand)
 H - a ring of flight
Wands
 s - a wand of acid (7)
 A - a wand of iceblast (8)
 G - a wand of mindburst (11)
 K - a wand of digging (4)
Scrolls
 e - 2 scrolls of immolation
 h - 12 scrolls of identify
 i - 3 scrolls of vulnerability
 o - 6 scrolls of teleportation
 p - a scroll of noise
 q - 2 scrolls of fog
 x - 3 scrolls of enchant weapon
 L - a scroll of amnesia
 M - a scroll of fear
Potions
 b - 3 potions of lignification
 d - a potion of degeneration
 f - 2 potions of mutation
 l - a potion of ambrosia
 m - 2 potions of curing
 n - 2 potions of cancellation
 v - a potion of might
 z - 2 potions of brilliance
 B - 2 potions of attraction
 D - a potion of flight
 E - 2 potions of berserk rage


   Skills:
 - Level 8.7(10.6) Fighting
 + Level 4.6(5.8) Staves
 - Level 4.9(6.7) Armour
 - Level 2.0(3.0) Dodging
 - Level 3.8(5.0) Stealth
 - Level 8.0(10.0) Spellcasting
 + Level 9.8 Conjurations
 - Level 3.8(5.0) Air Magic
 - Level 2.0(3.0) Earth Magic
 - Level 5.7(7.0) Evocations


You had 20 spell levels left.
You knew the following spells:

 Your Spells              Type           Power      Damage    Failure   Level
a - Magic Dart            Conj           100%       1d8       1%          1
b - Searing Ray           Conj           100%       2d8       1%          2
c - Stone Arrow           Conj/Erth      100%       3d13      1%          3
d - Lightning Bolt        Conj/Air       28%        1d44      12%         5

Your spell library contained the following spells:

 Spells                   Type           Power      Damage    Failure   Level
 Shock                    Conj/Air       100%       1d9       1%          1
 Sandblast                Erth           44%        2d11      2%          1
 Dazzling Flash           Conj/Hex       88%        N/A       3%          3
 Swiftness                Air            30%        N/A       3%          3
 Passwall                 Tmut/Erth      13%        N/A       7%          2
 Apportation              Tloc           20%        N/A       9%          1
 Pain                     Necr           40%        1d6       9%          1
 Slow                     Hex            40%        N/A       9%          1
 Airstrike                Air            15%        N/A       11%         4
 Fulminant Prism          Conj/Hex       22%        3d13      12%         4
 Iskenderun's Mystic Bla  Conj/Tloc      44%        2d10      12%         4
 Confusing Touch          Hex            10%        N/A       26%         3
 Vampiric Draining        Necr           10%        2d6       26%         3
 Summon Lightning Spire   Summ/Air       20%        N/A       30%         4
 Agony                    Necr           10%        N/A       94%         5
 Alistair's Intoxication  Tmut/Pois      6%         N/A       94%         5
 Excruciating Wounds      Necr           5%         N/A       94%         5


Dungeon Overview and Level Annotations

Branches:
Dungeon (11/15)            Temple (0/1) D:7          Bailey (visited)
   Lair: D:8-11         Orc: D:9-12

Altars:
Ashenzari
Cheibriados
Fedhas
Hepliaklqana
Okawaru
Qazlal
Trog
Uskayaw
Zin

Shops:
D:3 [   D:5 *   D:10 *[!:


Message History

The red ugly thing headbutts you!
You are engulfed in flames!!
You are too injured to fight recklessly!
You are too injured to fight recklessly!
The red ugly thing headbutts you.
You are engulfed in flames!!
The shadow barely misses you. The red ugly thing headbutts you!
* * * LOW HITPOINT WARNING * * *
You are engulfed in flames!
* * * LOW HITPOINT WARNING * * *
The shadow barely misses you.
The red ugly thing headbutts you but does no damage.
The shadow slips into darkness.
The shadow flickers and vanishes for a moment.
There is a broken door here.
Casting: Stone Arrow (safe; 1% risk of failure)
Confirm with . or Enter, or press ? or * to list all spells.
Aiming: Lightning Bolt (dangerous; 12% risk of failure)
Press: ? - help, Shift-Dir - straight line, f - shadow
Aim: a shadow (severely damaged, slightly transparent, 64% to hit)
You feel a surge of power!
You hear a mighty clap of thunder!
The bolt of lightning hits the red ugly thing!!
The red ugly thing is heavily wounded.
The bolt of lightning hits the shadow!!
You destroy the shadow!
The red ugly thing headbutts you but does no damage.
Casting: Lightning Bolt (dangerous; 12% risk of failure)
Confirm with . or Enter, or press ? or * to list all spells.
Aiming: Lightning Bolt (dangerous; 12% risk of failure)
Press: ? - help, Shift-Dir - straight line, f - red ugly thing
Aim: a red ugly thing (heavily wounded, 64% to hit)
You feel a surge of power!
You hear a mighty clap of thunder!
The bolt of lightning hits the red ugly thing!
The red ugly thing is severely wounded.
The red ugly thing headbutts you but does no damage.
The red ugly thing headbutts you!
* * * LOW HITPOINT WARNING * * *
You are engulfed in flames!!
You die...

########### #..(......#
########## #.........#
#........# ##
#.......>.###........# #.
#.........#.'(.......# #.
#.........#@#........# #.
#.........u.#........######.
#.........###........##...'.
#.........# #........'..###.
#.........# #....(...#### #.
###'####### ###'###### ##
#.## #.# #..## #.## ##..#
#..## ###


You could see a red ugly thing.

Vanquished Creatures
  Erolcha (D:9)
  Erica (D:8)
  Joseph (D:7)
  4 centaur zombies
  A gargoyle (D:6)
  Maggie (D:9)
  2 rime drakes (D:11)
  A kobold demonologist (D:9)
  4 trolls
  Prince Ribbit (D:9)
  A vampire (D:7)
  A shadow (D:10)
  16 yaks
  2 steam dragons
  Eustachio (D:5)
  Menkaure (D:7)
  2 acid dragons
  2 water moccasins (D:5)
  Duvessa (D:4)
  6 orc warriors
  A necrophage (D:8)
  An ogre (D:4)
  7 centaurs
  4 kobold brigands
  Blork the orc (D:4)
  2 bullfrogs
  A wyvern skeleton (D:5)
  4 scorpions
  A water moccasin zombie (D:4)
  Dowan (D:4)
  A water moccasin skeleton (D:5)
  3 killer bees (D:11)
  2 howler monkeys
  2 gnoll shamans
  2 hounds
  3 jellies
  5 orc priests
  2 centaur skeletons (D:7)
  2 bullfrog skeletons
  5 iguanas
  Ijyb (D:3)
  Terence (D:2)
  6 orc wizards
  A killer bee zombie (D:6)
  A hound skeleton (D:5)
  6 adders
  7 gnolls
  4 white imps
  An adder zombie (D:2)
  2 worms
  2 dart slugs
  31 orcs
  4 bats
  2 bat zombies (D:2)
  4 endoplasms
  2 giant cockroaches
  7 hobgoblins
  A jackal (D:3)
  6 quokkas
  A ball python (D:4)
  A ball python skeleton (D:2)
  5 frilled lizards
  5 goblins
  25 kobolds
  8 rats
234 creatures vanquished.

Vanquished Creatures (others)
  A plant (D:2)
1 creature vanquished.

Grand Total: 235 creatures vanquished

Notes
Turn   | Place    | Note
-------+----------+-------------------------------------------
     0 | D:1      | Deminshera the Human Conjurer began the quest for the Orb.
     0 | D:1      | Reached XP level 1. HP: 13/13 MP: 3/3
   451 | D:1      | Reached XP level 2. HP: 19/19 MP: 3/5
   829 | D:1      | Learned a level 2 spell: Searing Ray
  1648 | D:1      | Reached XP level 3. HP: 24/24 MP: 2/6
  1789 | D:1      | Learned a level 3 spell: Stone Arrow
  2385 | D:2      | Noticed Terence
  2416 | D:2      | Killed Terence
  2417 | D:2      | Reached XP level 4. HP: 30/30 MP: 2/8
  2670 | D:2      | Reached skill level 1 in Earth Magic
  2896 | D:2      | Found a faded altar of an unknown god.
  3711 | D:2      | Found a broken altar of Ashenzari.
  3970 | D:2      | Became a worshipper of Ashenzari the Shackled
  4287 | D:3      | Reached XP level 5. HP: 35/35 MP: 6/9
  4490 | D:3      | Found Xoetriosid's Armour Shoppe.
  4571 | D:3      | Found a hazy altar of Hepliaklqana.
  5075 | D:3      | Reached skill level 5 in Conjurations
  5298 | D:3      | Noticed Ijyb
  5303 | D:3      | Killed Ijyb
  5760 | D:4      | Reached XP level 6. HP: 41/41 MP: 1/12
  5801 | D:3      | Reached skill level 1 in Evocations
  6055 | D:4      | Noticed Duvessa
  6055 | D:4      | Noticed Dowan
  6813 | D:4      | Noticed an ogre
  6818 | D:4      | Killed an ogre
  7321 | D:4      | Reached XP level 7. HP: 46/46 MP: 6/14
  7399 | D:4      | Killed Duvessa
  7400 | D:4      | Reached skill level 6 in Conjurations
  7629 | D:4      | Killed Dowan
  8078 | D:4      | Noticed Blork the orc
  8110 | D:4      | Killed Blork the orc
  8312 | D:4      | Reached skill level 1 in Armour
  8836 | D:5      | Entered Level 5 of the Dungeon
  8869 | D:4      | Reached XP level 8. HP: 31/52 MP: 1/16
  9191 | D:5      | Reached skill level 5 in Spellcasting
  9340 | D:5      | Found a blossoming altar of Fedhas.
  9383 | D:5      | Found an iron altar of Okawaru.
  9502 | D:5      | Found Zin's Purification Station.
  9881 | D:5      | Noticed Eustachio
 10096 | D:5      | Killed Eustachio
 10426 | D:5      | Found a glowing silver altar of Zin.
 10476 | D:5      | Found a bloodstained altar of Trog.
 10723 | D:5      | Reached skill level 7 in Conjurations
 10723 | D:5      | Reached XP level 9. HP: 49/57 MP: 10/18
 11551 | D:5      | Reached skill level 5 in Evocations
 12416 | D:6      | Noticed a gargoyle
 12422 | D:6      | Killed a gargoyle
 12423 | D:6      | Reached skill level 8 in Conjurations
 12423 | D:6      | Reached skill level 1 in Fighting
 13063 | D:6      | Reached * piety under Ashenzari
 13601 | D:7      | Noticed Menkaure
 13604 | D:7      | Killed Menkaure
 13943 | D:7      | Reached skill level 5 in Fighting
 14208 | D:7      | Reached XP level 10. HP: 76/76 MP: 10/19
 14457 | D:7      | Reached ** piety under Ashenzari
 14560 | D:7      | Noticed Joseph
 14568 | D:7      | Killed Joseph
 14760 | D:7      | Found a staircase to the Ecumenical Temple.
 16377 | D:8      | Found a hide-covered altar of Uskayaw.
 17098 | D:8      | Learned a level 5 spell: Lightning Bolt
 17135 | D:8      | Found a stormy altar of Qazlal.
 17184 | D:8      | Noticed a tengu warrior
 17548 | D:9      | Reached skill level 1 in Air Magic
 17801 | D:9      | Found a flagged portal.
 17810 | Bailey   | Entered a bailey
 18100 | Bailey   | HP: 3/83 [orc warrior/bolt (5)]
 18468 | D:9      | Noticed Maggie
 18484 | D:9      | Killed Maggie
 18929 | D:9      | Noticed a kobold demonologist
 18941 | D:9      | Killed a kobold demonologist
 19148 | D:9      | Noticed Prince Ribbit
 19335 | D:9      | Killed Prince Ribbit
 19336 | D:9      | Reached XP level 11. HP: 89/89 MP: 16/23
 19386 | D:9      | Identified a scroll of acquirement
 19389 | D:9      | Noticed Erica
 19629 | D:8      | Reached skill level 1 in Staves
 19826 | D:8      | Killed Erica
 20187 | D:9      | Acquired a staff of conjuration
 20404 | D:9      | Found a snail-covered altar of Cheibriados.
 20418 | D:9      | Reached skill level 9 in Conjurations
 21299 | D:9      | Noticed Erolcha
 21304 | D:9      | Killed Erolcha
 21558 | D:10     | Entered Level 10 of the Dungeon
 21558 | D:10     | Found Jiocynuv's Book Shop.
 21584 | D:10     | Found Xoicumun's Armour Shoppe.
 22039 | D:10     | Found Ownov's General Store.
 23068 | D:10     | Found Naefa's Distillery.
 23539 | D:11     | Reached XP level 12. HP: 99/99 MP: 16/26
 23580 | D:10     | Mangled by a red ugly thing

Illustrated notes

Levels and vault maps discovered:
D:1:      elethiomel_arrival_quiet, layout_basic
D:2:      layout_loops_ring, serial_undead, serial_undead_a, serial_undead_c,
          serial_undead_d, serial_undead_a,
          shapermc_ecumenical_altar_mp_vishouse, basic_altar, corexii_shack,
          minmay_hexomino_f4, uniq_terence
D:3:      wad_crossroads, layout_basic, nzn_hepliaklqana_mist_gate,
          serial_shops, shop, minivault_4, uniq_ijyb
D:4:      layout_loops_ring, uniq_duvessa, uniq_blork_the_orc
D:5:      layout_loops_ring, kennysheep_little_box, okawaru_gym_becter,
          mainiacjoe_overflow_tiny_flanked, zin_purify, minmay_misc_feat_room,
          uniq_eustachio
D:6:      layout_loops_cross, chequers_serial_rivers_room_a, st_stairs_8
D:7:      layout_basic, minmay_temple_entry_grid, uniq_menkaure, uniq_joseph
D:8:      layout_basic, nicolae_uskayaw_murder_on_the_dancefloor,
          grunt_qazlal_clouds, hellmonk_guarded_unrand_lears
D:9:      layout_irregular_city, cheibrodos_worm_habitat, enter_bailey_8,
          grunt_ministairs_11, uniq_erica, uniq_maggie, uniq_erolcha,
          uniq_prince_ribbit1
D:10:     layout_roguey, serial_shops, shop_fountains, nicolae_shop_trees,
          nicolae_shop_waterfront, shop
D:11:     layout_cave_pools, lair_entry_dummy, hiddenorc1_lemuel,
          portal_ice_cave_rime, minmay_the_grid_square_5x5_3x3_mashed
          [minmay_the_grid_square_5x5_checkered_sparse,
          minmay_the_grid_square_5x5_detours,
          minmay_the_grid_square_5x5_doubleslash, minmay_the_grid_square_5x5_z,
          minmay_the_grid_square_5x5_megaprize_open,
          minmay_the_grid_square_5x5_broken_cross,
          minmay_the_grid_square_5x5_mess,
          minmay_the_grid_square_5x5_misaligned,
          minmay_the_grid_square_5x5_hourglass]

Skill      XL: |  1  2  3  4  5  6  7  8  9 10 11 |
---------------+----------------------------------+-----
Earth Magic    | 1 2 |  2.0
Spellcasting   | 3 4 5 6 8 |  8.0
Conjurations   | 5 6 7 8 9 |  9.8
Evocations     | 2 3 4 5 |  5.7
Armour         | 1 3 4 |  4.9
Fighting       | 5 8 |  8.7
Air Magic      | 2 3 |  3.8
Staves         | 4 |  4.6
Stealth        | 3 |  3.8
Dodging        | |  2.0

Action                   |  1- 3 |  4- 6 |  7- 9 | 10-12 || total
-------------------------+-------+-------+-------+-------++-------
Melee: Unarmed           |     2 |       |       |       ||     2
       Staff             |       |    26 |     1 |    57 ||    84
       Punch             |       |     1 |       |     1 ||     2
 Cast: Magic Dart        |    44 |    72 |     8 |    15 ||   139
       Searing Ray       |     3 |     5 |     5 |     5 ||    18
       Stone Arrow       |       |    16 |   103 |   138 ||   257
       Lightning Bolt    |       |       |       |    32 ||    32
Invok: Curse Item        |       |     1 |     1 |     2 ||     4
Evoke: Wand              |       |       |       |     1 ||     1
  Use: Potion            |       |       |       |     6 ||     6
       Scroll            |       |       |       |     8 ||     8
Armor: Robe              |     2 |    13 |    15 |    15 ||    45
       Ring mail         |       |       |     1 |       ||     1
       Steam dragon scal |       |       |       |    14 ||    14
       Troll leather arm |       |       |       |    40 ||    40
Dodge: Dodged            |     6 |    34 |    26 |   134 ||   200

Table legend: (Time is in decaauts)
 A = Elapsed time spent in this place.
 B = Non-inter-level travel time spent in this place.
 C = Inter-level travel time spent in this place.
 D = Time resting spent in this place.
 E = Time spent auto-exploring this place.
 F = Levels seen in this place.
 G = Mean time per level.
                   A        B        C        D        E       F      G
               +--------+--------+--------+--------+--------+-----+--------+
         Total |  23707 |  23360 |    347 |  14622 |   6376 |  12 | 1975.6 |
       Dungeon |  23383 |  23036 |    347 |  14401 |   6376 |  11 | 2125.7 |
        Bailey |    323 |    323 |      0 |    221 |      0 |   1 |  323.0 |
               +--------+--------+--------+--------+--------+-----+--------+

Top non-repeatable levels by time:
     D:8: 3126 daAuts
     D:9: 2920 daAuts
     D:4: 2819 daAuts
     D:3: 2789 daAuts
     D:5: 2279 daAuts
     D:1: 2039 daAuts
    D:10: 1988 daAuts
     D:2: 1962 daAuts
     D:6: 1720 daAuts
     D:7: 1704 daAuts
  Bailey: 323 daAuts
    D:11: 32 daAuts
